 Dungeon Crawl Stone Soup version 0.21-a0-150-gc243083 (webtiles) character file.

51 tehllama the Digger (level 3, -2/19 HPs)
             Began as a Gargoyle Earth Elementalist on July 28, 2017.
             Slain by a worm (3 damage)
             ... on level 3 of the Dungeon.
             The game lasted 00:06:28 (1929 turns).

tehllama the Digger (Gargoyle Earth Elementalist)   Turns: 1929, Time: 00:06:29

Health: -2/19      AC:  5    Str: 11    XL:     3   Next: 83%
Magic:  0/7        EV: 12    Int: 16    God:
Gold:   61         SH:  0    Dex: 10    Spells: 4/8 levels left

rFire    . . .     SeeInvis .   f - +0 club
rCold    . . .     Gourm    .   (no shield)
rNeg     + . .     Faith    .   c - +0 robe
rPois    ∞         Spirit   .   (no helmet)
rElec    +         Reflect  .   (no cloak)
rCorr    .         Harm     .   (no gloves)
MR       .....                  (no boots)
Stlth    ++........             (no amulet)
HPRegen  0.06/turn              (no ring)
MPRegen  0.10/turn              (no ring)

@: very slightly contaminated
A: negative energy resistance 1, electricity resistance, unbreathing,
petrification resistance, rot immunity, AC +3
a: no special abilities


You were on level 3 of the Dungeon.
You were hungry.

You visited 1 branch of the dungeon, and saw 3 of its levels.

You collected 61 gold pieces.

Inventory:

Hand Weapons
 f - a +0 club (weapon)
Missiles
 b - 10 stones (quivered)
Armour
 c - a +0 robe (worn)
Scrolls
 a - a scroll of teleportation {unknown}
 i - 2 scrolls of fear {unknown}
 j - a scroll of identify {unknown}
Potions
 g - a potion of might {unknown}
 h - 2 potions of mutation {unknown}
 l - 2 potions of agility {unknown}
 m - a potion of curing {unknown}
 n - a potion of haste {unknown}
 o - a potion of flight {unknown}
Books
 e - a book of Geomancy

   Spells                             Type                      Level
   a - Sandblast                      Earth                        1
   b - Passwall                       Transmutation/Earth          2
   c - Stone Arrow                    Conjuration/Earth            3
   d - Petrify                        Transmutation/Earth          4
   e - Lee's Rapid Deconstruction     Earth                        5
Comestibles
 d - 2 bread rations
 k - a chunk of flesh


   Skills:
 - Level 1.5 Dodging
 - Level 2.1 Stealth
 + Level 3.0 Spellcasting
 + Level 0.9 Conjurations
   Level 0.7 Transmutations
 + Level 4.4 Earth Magic


You had 4 spell levels left.
You knew the following spells:

 Your Spells              Type           Power        Failure   Level  Hunger
a - Sandblast             Erth           ###...       3%          1    #......
b - Stone Arrow           Conj/Erth      ##....       19%         3    ###....


Dungeon Overview and Level Annotations

Branches:
Dungeon (3/15)

Altars:
Hepliaklqana


Innate Abilities, Weirdness & Mutations

You are resistant to torment.
Your stone body is resilient. (AC +3)
You are immune to poison.
You resist negative energy. (rN+)
You are resistant to electric shocks. (rElec)
You can survive without breathing.
You are immune to petrification.
You are immune to rotting.


Message History

The worm misses you.
You hit the worm but do no damage.
The worm is almost dead.
The worm barely misses you.
You hit the worm but do no damage.
The worm is severely wounded.
Casting: Sandblast
Confirm with . or Enter, or press ? or * to list all spells.
Aiming: Sandblast
Press: ? - help, Shift-Dir - straight line, f/p - worm
Aim: a worm (severely wounded)
The blast of sand hits the worm.
The worm is severely wounded.
b - 10 stones The worm bites you!
* * * LOW HITPOINT WARNING * * *
You barely miss the worm.
The worm is severely wounded.
The worm bites you.
You die...

#.........#
#.........#####
#..<..........#
#####.#.#####.#
#.#.# #.# #+##
#.#.# #.##...##
#.... #.#.....##
... #
#........## #..
#.w@......#
...%...........+
..[###.........#
. ##.......##
##.....##
##...## #+##


You could see a worm.

Vanquished Creatures
  4 leopard geckos
  5 giant cockroaches
  3 goblins (D:2)
  9 hobgoblins
  4 kobolds
  6 bats
  5 frilled lizards
  9 rats
45 creatures vanquished.

Notes
Turn   | Place    | Note
-------+----------+-------------------------------------------
     0 | D:1      | tehllama the Gargoyle Earth Elementalist began the quest for the Orb.
     0 | D:1      | Reached XP level 1. HP: 10/10 MP: 3/3
   136 | D:1      | Reached skill level 4 in Earth Magic
   136 | D:1      | Reached XP level 2. HP: 6/15 MP: 1/5
   774 | D:1      | Reached XP level 3. HP: 18/19 MP: 6/6
   785 | D:1      | Learned a level 3 spell: Stone Arrow
  1277 | D:2      | Found a hazy altar of Hepliaklqana.
  1929 | D:3      | Slain by a worm

Vault maps used:
D:1:      lightli_arrival_lavapool, minmay_cut_off
D:2:      lemuel_round_altar

Skill      XL: |  1  2  3 |
---------------+----------+-----
Earth Magic    | 4 |  4.4
Spellcasting   | 3 |  3.0
Dodging        | |  1.5
Stealth        | |  2.1
Conjurations   | |  0.9
Transmutations | |  0.7

Action                   || total
-------------------------++-------
Melee: Unarmed           ||     6
       Club              ||   144
 Cast: Sandblast         ||    32
       Stone Arrow       ||     6
 Stab: Sleeping          ||     2
  Eat: Chunk             ||     4
Armor: Robe              ||    66
Dodge: Dodged            ||   169
